 Dungeon Crawl Stone Soup version 0.32-a0-791-gfc315c9ecd (webtiles) character file.

Game seed: 12190616594224172068

35 smashvw the Poker (level 3, 0/31 HPs)
             Began as a Mountain Dwarf Fighter on Mar 20, 2024.
             Slain by an orc
             ... wielding a +0 flail
              (4 damage)
             ... on level 1 of the Dungeon.
             The game lasted 00:02:34 (1008 turns).

smashvw the Poker (Mountain Dwarf Fighter)          Turns: 1008, Time: 00:02:34

Health: 0/31       AC:  6    Str: 20    XL:     3   Next: 17%
Magic:  3/3        EV:  8    Int:  8    God:
Gold:   67         SH:  4    Dex:  9    Spells: 2/2 levels left

rFire   . . .        a - +0 trident
rCold   . . .        c - +0 buckler
rNeg    . . .        b - +0 scale mail
rPois   .            (no helmet)
rElec   .            (no cloak)
rCorr   .            (no gloves)
SInv    .            (no boots)
Will    .....        (no amulet) Stlth
                     (no ring)
HPRegen 0.25/turn    (no ring)
MPRegen 0.08/turn

%: no passive effects
@: no status effects
A: runic magic, artefact enchanting
a: no special abilities


You were on level 1 of the Dungeon.
You visited 1 branch of the dungeon, and saw 2 of its levels.

You collected 67 gold pieces.

Inventory:

Hand Weapons
 a - a +0 trident (weapon)
Armour
 b - a +0 scale mail (worn)
 c - a +0 buckler (worn)
Scrolls
 e - a scroll of revelation {unknown}
 g - a scroll of immolation {unknown}
 h - a scroll of teleportation {unknown}
 i - a scroll of fear {unknown}
Potions
 d - a potion of might
 f - a potion of brilliance {unknown}
 j - a potion of cancellation {unknown}


   Skills:
 - Level 3.2 Fighting
 + Level 3.7 Polearms
 - Level 3.2 Armour
 - Level 3.2 Shields


You had 2 spell levels left.
You didn't know any spells.
Your spell library contained the following spells:

 Spells                   Type           Power      Damage    Failure   Level
 Magic Dart               Conj           0%         1d3       56%         1
 Searing Ray              Conj           0%         2d4       71%         2
 Fulminant Prism          Conj/Alch      0%         3d5       100%        4


Dungeon Overview and Level Annotations

Branches:
Dungeon (2/15)

Altars:
Xom

Shops:
D:1 ?


Innate Abilities, Weirdness & Mutations

Your spellcasting is much less encumbered by armour.
You can use scrolls of enchantment on lesser artefacts.


Message History

You block the orc's attack. The orc hits you but does no damage.
You completely miss the orc.
The orc is severely wounded.
The goblin shoots a sling bullet.
The sling bullet closely misses you. The orc closely misses you.
The orc hits you with a +0 club.
The orc wizard hits you but does no damage.
You hit the orc.
You kill the orc!
The orc hits you but does no damage.
The orc wizard hits you but does no damage.
The orc closely misses you.
You barely miss the orc wizard.
The goblin unwields a +0 sling.
The goblin wields a +0 club.
The goblin hits you but does no damage.
The orc wizard points at you and mumbles some strange words.
You resist with some effort. The orc barely misses you.
You closely miss the orc wizard.
The orc wizard points at you and mumbles some strange words.
The magic dart hits you. The goblin barely misses you.
The orc hits you with a +0 flail.
You are too injured to fight recklessly!
You are too injured to fight recklessly!
You are too injured to fight recklessly!
The orc wizard hits you with a +0 dagger.
The orc hits you but does no damage. The goblin hits you but does no damage.
You climb upwards.
There is a stone staircase leading down here.
You hit the orc wizard but do no damage.
The orc wizard hits you but does no damage.
The goblin hits you but does no damage. The orc hits you with a +0 flail!
* * * LOW HITPOINT WARNING * * *
You puncture the orc wizard!
The orc wizard is heavily wounded.
You block the orc wizard's attack. The goblin hits you but does no damage.
The orc hits you but does no damage.
You puncture the orc wizard!
You kill the orc wizard!
The goblin hits you with a +0 club.
* * * LOW HITPOINT WARNING * * *
The orc hits you with a +0 flail.
You die...

####.# #####.##
.....#######......######
.###..............#....# .#
#..............#....### .#
#..............^......#
.###.....................#
.........................#
..#######........g.......#
...............o@........#
...........##..).(.......#
...##......##............#
.........................#
..........##.....#....♣..♣
##........##.....#.)♣♣♣P.♣♣#####
##........##.......♣♣.....♣....#
..........##......♣♣♣.♣♣♣♣####.#
.......#####......♣♣..♣♣ #.#


You could see an orc and a goblin.

Vanquished Creatures
  An orc wizard (D:1)
  An orc (D:2)
  6 endoplasms
  2 giant cockroaches (D:1)
  2 hobgoblins (D:1)
  2 jackals (D:1)
  4 kobolds
  A quokka (D:1)
  5 ball pythons
  2 bats (D:1)
  3 frilled lizards
  A goblin (D:1)
  2 rats (D:1)
32 creatures vanquished.

Notes
Turn   | Place    | Note
-------+----------+-------------------------------------------
     0 | D:1      | smashvw the Mountain Dwarf Fighter began the quest for the
                  | Orb.
     0 | D:1      | Reached XP level 1. HP: 19/19 MP: 1/1
   129 | D:1      | Reached XP level 2. HP: 26/26 MP: 2/2
   521 | D:1      | Found Oshuhisi's Magic Scroll Boutique.
   858 | D:2      | Found a shimmering altar of Xom.
   901 | D:2      | Reached XP level 3. HP: 30/31 MP: 3/3
  1008 | D:1      | Slain by an orc

Illustrated notes

Levels and vault maps discovered:
D:1:      eino_arrival_druids_welcome, layout_basic, serial_shops, shop,
          serial_forest, infiniplex_forest_straight_3,
          infiniplex_forest_lined_room_2, infiniplex_forest_diagonal,
          infiniplex_forest_clump_long, infiniplex_forest_straight_4,
          infiniplex_forest_clump_small, infiniplex_forest_lined_2,
          minmay_misc_feat_tiny
D:2:      layout_rooms, basic_altar, grunt_decor_mini_mirrors

Skill      XL: |  1  2 |
---------------+-------+-----
Polearms       | 3 |  3.7
Fighting       | |  3.2
Armour         | |  3.2
Shields        | |  3.2

Action                     || total
---------------------------++-------
  Melee: Trident           ||   114
 Armour: Scale mail        ||   101
  Dodge: Dodged            ||    37
  Block: Buckler           ||    22

Table legend: (Time is in decaauts)
 A = Elapsed time spent in this place.
 B = Non-inter-level travel time spent in this place.
 C = Inter-level travel time spent in this place.
 D = Time resting spent in this place.
 E = Time spent auto-exploring this place.
 F = Levels seen in this place.
 G = Mean time per level.
                   A        B        C        D        E       F      G
               +--------+--------+--------+--------+--------+-----+--------+
         Total |   1028 |   1010 |     18 |     49 |    720 |   2 |  514.0 |
       Dungeon |   1028 |   1010 |     18 |     49 |    720 |   2 |  514.0 |
               +--------+--------+--------+--------+--------+-----+--------+

Top non-repeatable levels by time:
     D:1: 892 daAuts
     D:2: 136 daAuts
